[Event "45th FIDE Womens Olympiad 2024"]
[Site "Budapest"]
[Date "2024.09.19"]
[Round "8.173"]
[White "Bwalya Mulwale, Lubuuto"]
[Black "Pang, Kay Yan Eden"]
[Result "0-1"]
[ECO "D37"]
[WhiteElo "1852"]
[BlackElo "1847"]
[PlyCount "64"]
[EventDate "2024.09.05"]
[EventType "team-tourn"]
[EventCountry "HUN"]
[WhiteTeam "Zambia"]
[BlackTeam "Singapore"]
[WhiteTeamCountry "ZAM"]
[BlackTeamCountry "SIN"]
[TimeControl "40/5400+30:1800+30"]

1. d4 d5 2. c4 e6 3. Nc3 Nf6 4. Nf3 Be7 5. e3 O-O 6. Bd3 dxc4 7. Bxc4 c5 8. O-O cxd4 9. Nxd4 Bd7 10. Qb3 Nc6 11. Nxc6 Bxc6 12. Rd1 Qa5 13. Bd2 Qh5 14. Bb5 Bd6 15. h3 Bf3 16. gxf3 Qxh3 17. f4 Ng4 18. Be1 Bc5 19. Na4 Nxe3 20. fxe3 Bxe3+ 21. Bf2 Qg3+ 22. Kh1 Qf3+ 23. Kh2 Qxf2+ 24. Kh1 Qf3+ 25. Kh2 Bxf4+ 26. Kg1 Be3+ 27. Kh2 Qf2+ 28. Kh1 Rac8 29. Rf1 Qh4+ 30. Kg2 Qe4+ 31. Kg3 Rc2 32. Rf3 Qe5+ {0-} 0-1

[Event "45th FIDE Womens Olympiad 2024"]
[Site "Budapest"]
[Date "2024.09.19"]
[Round "8.174"]
[White "Rice, Lauren"]
[Black "Likando Namakau"]
[Result "1-0"]
[ECO "E11"]
[WhiteElo "1824"]
[BlackElo "1746"]
[PlyCount "103"]
[EventDate "2024.09.05"]
[EventType "team-tourn"]
[EventCountry "HUN"]
[WhiteTeam "Singapore"]
[BlackTeam "Zambia"]
[WhiteTeamCountry "SIN"]
[BlackTeamCountry "ZAM"]
[TimeControl "40/5400+30:1800+30"]

1. d4 d5 2. c4 e6 3. Nf3 Nf6 4. g3 Nc6 5. Bg2 Bb4+ 6. Bd2 Bxd2+ 7. Nbxd2 Ne7 8. O-O O-O 9. Qc2 c6 10. Rfd1 Bd7 11. e4 dxe4 12. Nxe4 Nxe4 13. Qxe4 Ng6 14. h4 f5 15. Qe2 Qf6 16. Ne5 Rad8 17. Rd3 Bc8 18. Rad1 Nxe5 19. dxe5 Qe7 20. Rd6 Rde8 21. R1d3 f4 22. R6d4 fxg3 23. Rxg3 Rf7 24. Rdg4 Kh8 25. Be4 Qc5 26. Bd3 Rd8 27. Rg2 Rd4 28. Rg5 h6 29. Qh5 Rxd3 30. Rxg7 Qxf2+ 31. Rxf2 Rxg7+ 32. Kh2 Kh7 33. Qe2 Rdg3 34. Rf8 Rg8 35. Rxg8 Rxg8 36. Qe4+ Kh8 37. Qe3 Kh7 38. Qxa7 Kg7 39. a4 Kf7 40. a5 Kg6 41. Qg1+ Kh7 42. Qd4 Rg7 43. Qd8 Rg8 44. Qe7+ Rg7 45. Qd8 Rg8 46. Qd3+ Kh8 47. b4 Kg7 48. b5 cxb5 49. cxb5 Kh8 50. a6 bxa6 51. bxa6 Kg7 52. a7 1-0

[Event "45th FIDE Womens Olympiad 2024"]
[Site "Budapest"]
[Date "2024.09.19"]
[Round "8.175"]
[White "Mbatha, Constance"]
[Black "Koh, Wei Le Gladys"]
[Result "0-1"]
[ECO "D30"]
[WhiteElo "1799"]
[BlackElo "1788"]
[PlyCount "126"]
[EventDate "2024.09.05"]
[EventType "team-tourn"]
[EventCountry "HUN"]
[WhiteTeam "Zambia"]
[BlackTeam "Singapore"]
[WhiteTeamCountry "ZAM"]
[BlackTeamCountry "SIN"]
[TimeControl "40/5400+30:1800+30"]

1. d4 d5 2. Nf3 Nf6 3. e3 c6 4. c4 e6 5. c5 b6 6. b4 a5 7. Bd2 axb4 8. Bxb4 bxc5 9. dxc5 Bxc5 10. Bc3 O-O 11. Nbd2 Nbd7 12. Bd3 Ba6 13. Bxa6 Rxa6 14. O-O Qe7 15. Nb3 Bd6 16. Qc2 Ne4 17. Bb2 c5 18. Ne1 Rfa8 19. Nc1 c4 20. f3 Nec5 21. Rb1 Qg5 22. Bd4 e5 23. f4 Qe7 24. fxe5 Bxe5 25. Nf3 Bxd4 26. exd4 Ne4 27. Rb7 Rb6 28. Rxb6 Nxb6 29. Qb2 Na4 30. Qb5 Nac3 31. Qc6 Rd8 32. Qb6 Qd6 33. Qa5 Rb8 34. Qa7 Nb5 35. Qa4 Qb6 36. Ne2 Qa7 37. Qc2 Na3 38. Qc1 Rb1 39. Qf4 Rxf1+ 40. Kxf1 Qb7 41. Qe5 h6 42. g3 Qb1+ 43. Kg2 Qxa2 44. Nfg1 Nf6 45. Qf5 Qb1 46. Qc8+ Kh7 47. h3 Qe4+ 48. Kf2 Nc2 49. Kf1 Nxd4 50. Nxd4 Qxd4 51. Qf5+ g6 52. Qc2 Ne4 53. g4 Nd2+ 54. Kg2 Qf4 55. Qd1 c3 56. h4 d4 57. h5 d3 58. hxg6+ Kxg6 59. Nh3 Qe4+ 60. Kg3 Qe3+ 61. Kh4 Nf3+ 62. Qxf3 Qxf3 63. Nf4+ Qxf4 {0-} 0-1

[Event "45th FIDE Womens Olympiad 2024"]
[Site "Budapest"]
[Date "2024.09.19"]
[Round "8.176"]
[White "Fang, Kun"]
[Black "Mwale, Naomi"]
[Result "1/2-1/2"]
[ECO "C78"]
[WhiteElo "1769"]
[BlackElo "1767"]
[PlyCount "150"]
[EventDate "2024.09.05"]
[EventType "team-tourn"]
[EventCountry "HUN"]
[WhiteTeam "Singapore"]
[BlackTeam "Zambia"]
[WhiteTeamCountry "SIN"]
[BlackTeamCountry "ZAM"]
[TimeControl "40/5400+30:1800+30"]

1. e4 e5 2. Nf3 Nc6 3. Bb5 Bc5 4. c3 a6 5. Ba4 b5 6. Bb3 d6 7. O-O Bg4 8. a4 Nf6 9. h3 Bh5 10. d3 h6 11. Re1 O-O 12. Nbd2 b4 13. Nf1 Rb8 14. Bc4 a5 15. Ng3 Bg6 16. Be3 Bxe3 17. Rxe3 bxc3 18. bxc3 Kh7 19. Nh4 Ne7 20. Qd2 c6 21. Ree1 Nd7 22. d4 exd4 23. Qxd4 Ne5 24. Ba2 c5 25. Qd2 c4 26. Red1 Nc8 27. Nhf5 Qc7 28. Nxd6 Rd8 29. Nb5 Rxd2 30. Nxc7 Rxd1+ 31. Rxd1 Rb2 32. Bb1 f6 33. f4 Nc6 34. Nf1 Nb6 35. Ne3 Nxa4 36. Nxc4 Rb7 37. Nd5 Bf7 38. Nd6 Rd7 39. Nxf7 Rxf7 40. e5+ Kg8 41. e6 Rb7 42. Be4 Kf8 43. Bf3 Nc5 44. f5 a4 45. Nxf6 gxf6 46. Bxc6 Rc7 47. Bd5 a3 48. Ra1 Ra7 49. Kf2 Ra5 50. Ba2 Ne4+ 51. Ke3 Nxc3 52. g4 Re5+ 53. Kd3 Ne2 54. Bc4 Nf4+ 55. Kd4 Ra5 56. h4 h5 57. g5 Rxf5 58. Rxa3 fxg5 59. Ra8+ Ke7 60. Ra7+ Ke8 61. Bb3 Ng6 62. Bc2 Rf4+ 63. Ke3 Rf6 64. Ba4+ Kf8 65. Ra8+ Ke7 66. Re8+ Kd6 67. hxg5 Rxe6+ 68. Kf3 Re5 69. Rxe5 Nxe5+ 70. Kg3 Ke6 71. Bd1 Kf5 72. Kh4 Kg6 73. Bc2+ Kg7 74. Kxh5 Nf3 75. Kg4 Nxg5 1/2-1/2

[Event "45th FIDE Womens Olympiad 2024"]
[Site "Budapest"]
[Date "2024.09.19"]
[Round "8.177"]
[White "Viana, Valeria"]
[Black "Smith, Olivia"]
[Result "0-1"]
[ECO "C43"]
[WhiteElo "1882"]
[BlackElo "2087"]
[PlyCount "160"]
[EventDate "2024.09.05"]
[EventType "team-tourn"]
[EventCountry "HUN"]
[WhiteTeam "Honduras"]
[BlackTeam "Wales"]
[WhiteTeamCountry "HON"]
[BlackTeamCountry "WLS"]
[TimeControl "40/5400+30:1800+30"]

1. e4 e5 2. Nf3 Nf6 3. Nxe5 Nxe4 4. d4 d5 5. Bd3 Nd7 6. Nxd7 Bxd7 7. O-O Bd6 8. Qh5 c6 9. Nc3 Nf6 10. Re1+ Kf8 11. Qh4 Ng4 12. Qxd8+ Rxd8 13. h3 Nf6 14. Bg5 Be7 15. f3 h6 16. Bf4 Be6 17. Ne2 Nh5 18. Bh2 Bd6 19. g4 Nf6 20. Bxd6+ Rxd6 21. Nf4 Bc8 22. Re2 g5 23. Ng2 Kg7 24. Rae1 Be6 25. Ne3 Rhd8 26. Nf5+ Bxf5 27. Bxf5 Ng8 28. Re8 b6 29. b4 Kf6 30. Bh7 Rxe8 31. Rxe8 Ne7 32. Ra8 Rd7 33. Bd3 Kg7 34. Kf2 Rc7 35. Rd8 Ng8 36. Rd6 Nf6 37. a4 Ne8 38. Rd8 Kf8 39. c4 Ke7 40. Ra8 dxc4 41. Bxc4 Rd7 42. Ke3 Nc7 43. Rh8 b5 44. axb5 cxb5 45. Bb3 Na6 46. Rxh6 Nxb4 47. h4 gxh4 48. Rxh4 Nc6 49. Rh7 Kf8 50. d5 Na5 51. Ba2 b4 52. Rh8+ Ke7 53. Rb8 Nb7 54. Kd4 a5 55. Kc4 Nd6+ 56. Kb3 Rc7 57. Ra8 Rc3+ 58. Kb2 Rxf3 59. Rxa5 Rg3 60. Ra7+ Kf6 61. Ra6 Ke5 62. Rb6 Rxg4 63. Kb3 f5 64. Bb1 Ne4 65. Kb2 Nd2 66. Ba2 Nc4+ 67. Bxc4 Rxc4 68. Kb3 Rd4 69. d6 f4 70. d7 Rxd7 71. Rxb4 Rc7 72. Rb8 Ke4 73. Re8+ Kf3 74. Rf8 Kg3 75. Rf6 f3 76. Rg6+ Kf2 77. Rf6 Kg2 78. Rf5 f2 79. Rg5+ Kf1 80. Rf5 Re7 {0-} 0-1

[Event "45th FIDE Womens Olympiad 2024"]
[Site "Budapest"]
[Date "2024.09.19"]
[Round "8.178"]
[White "Camp, Imogen A L"]
[Black "Torres Hernandez, Leslie Carolin"]
[Result "1/2-1/2"]
[ECO "D37"]
[WhiteElo "1923"]
[BlackElo "1891"]
[PlyCount "115"]
[EventDate "2024.09.05"]
[EventType "team-tourn"]
[EventCountry "HUN"]
[WhiteTeam "Wales"]
[BlackTeam "Honduras"]
[WhiteTeamCountry "WLS"]
[BlackTeamCountry "HON"]
[TimeControl "40/5400+30:1800+30"]

1. d4 Nf6 2. c4 e6 3. Nf3 d5 4. Nc3 Be7 5. Bf4 O-O 6. e3 c6 7. h3 Qb6 8. Qc2 Nbd7 9. cxd5 exd5 10. Bd3 Re8 11. O-O Nf8 12. a3 Be6 13. b4 Qd8 14. b5 c5 15. dxc5 Bxc5 16. Ne2 Rc8 17. Qb2 Bd6 18. Bxd6 Qxd6 19. Ned4 Rc7 20. Rac1 Rec8 21. Nf5 Qd8 22. Ne5 Ng6 23. Nxg6 hxg6 24. Nd4 Qd6 25. Rxc7 Rxc7 26. b6 Qxb6 27. Qxb6 axb6 28. Nxe6 fxe6 29. Bxg6 Kf8 30. Rb1 Nd7 31. Bh5 Ke7 32. Be2 Kd6 33. Rb2 Rc3 34. a4 Kc7 35. h4 Nc5 36. Bb5 Kd6 37. h5 Ke5 38. g4 Kf6 39. Kg2 e5 40. Re2 Ra3 41. f3 Nxa4 42. Bxa4 Rxa4 43. Rb2 Ra6 44. Kg3 Ke6 45. Rb4 Kd6 46. g5 Kc5 47. Rh4 b5 48. h6 gxh6 49. gxh6 Ra8 50. h7 Rh8 51. Kf2 d4 52. f4 dxe3+ 53. Kxe3 exf4+ 54. Kxf4 Kc4 55. Kg5+ Kc3 56. Kg6 b4 57. Rh3+ Kb2 58. Rh5 1/2-1/2

[Event "45th FIDE Womens Olympiad 2024"]
[Site "Budapest"]
[Date "2024.09.19"]
[Round "8.179"]
[White "Cruz, Bitia"]
[Black "Smith, Lynda"]
[Result "0-1"]
[ECO "B27"]
[WhiteElo "1736"]
[BlackElo "1831"]
[PlyCount "118"]
[EventDate "2024.09.05"]
[EventType "team-tourn"]
[EventCountry "HUN"]
[WhiteTeam "Honduras"]
[BlackTeam "Wales"]
[WhiteTeamCountry "HON"]
[BlackTeamCountry "WLS"]
[TimeControl "40/5400+30:1800+30"]

1. e4 c5 2. Nf3 g6 3. c3 d5 4. e5 Nc6 5. Bb5 Bd7 6. O-O Bg7 7. Bxc6 Bxc6 8. e6 f6 9. d4 b6 10. Re1 Nh6 11. Bf4 O-O 12. Nbd2 Nf5 13. Nf1 c4 14. Qd2 Nd6 15. h4 Ne4 16. Qe3 Qc8 17. N3d2 Qd8 18. f3 Nd6 19. g4 b5 20. Ng3 a5 21. Re2 b4 22. Rae1 Nb5 23. Rg2 Qb6 24. Ne2 Be8 25. Bg3 a4 26. Nf4 Rd8 27. Bf2 a3 28. bxa3 bxc3 29. Nb1 f5 30. Ne2 c2 31. Nd2 Rd6 32. f4 Rxe6 33. Qf3 Bc6 34. Rc1 Nxd4 35. Nxd4 Bxd4 36. Rxc2 Re1+ 37. Kh2 Bxf2 38. Rxf2 Re3 39. Qd1 Ba4 40. Nb3 cxb3 41. Qxd5+ Qe6 42. Qxe6+ Rxe6 43. axb3 Bxb3 44. Rc3 Bd1 45. g5 Kf7 46. Kg3 Rb8 47. Kg2 Re2 48. Kf1 Rxf2+ 49. Kxf2 Rb2+ 50. Ke3 Rb3 51. Kd2 Rxc3 52. Kxc3 Ke6 53. Kc4 Kd6 54. Kd4 Ba4 55. Kc4 e5 56. fxe5+ Kxe5 57. Kd3 Kf4 58. Ke2 Kg4 59. Ke3 Kxh4 {0-} 0-1

[Event "45th FIDE Womens Olympiad 2024"]
[Site "Budapest"]
[Date "2024.09.19"]
[Round "8.180"]
[White "Kong, Emma Zihan"]
[Black "Maradiaga, Cesia"]
[Result "1-0"]
[ECO "D08"]
[WhiteElo "1747"]
[BlackElo "1675"]
[PlyCount "95"]
[EventDate "2024.09.05"]
[EventType "team-tourn"]
[EventCountry "HUN"]
[WhiteTeam "Wales"]
[BlackTeam "Honduras"]
[WhiteTeamCountry "WLS"]
[BlackTeamCountry "HON"]
[TimeControl "40/5400+30:1800+30"]

1. d4 d5 2. c4 e5 3. dxe5 d4 4. Nf3 Nc6 5. Bf4 Nge7 6. a3 Ng6 7. Bg3 a5 8. h3 Bc5 9. Nbd2 Qe7 10. Nb3 Ngxe5 11. Nfxd4 Nxd4 12. Nxd4 Nxc4 13. Nb5 Bb6 14. Qc2 Nd6 15. Nxd6+ cxd6 16. Qb3 Bc7 17. e3 O-O 18. Bd3 a4 19. Qd5 Be6 20. Qh5 f5 21. O-O Bd7 22. Rac1 Bd8 23. Rfd1 Be8 24. Bc4+ Kh8 25. Qf3 Bc6 26. Bd5 Qf6 27. Bxc6 bxc6 28. Qxc6 Be7 29. Qc3 Qg6 30. Qc7 Rfe8 31. Bxd6 Bxd6 32. Rxd6 Qg5 33. Rd4 h6 34. Qf4 Qf6 35. Rc2 Rad8 36. Rxd8 Rxd8 37. Qxa4 Rd1+ 38. Kh2 Qe5+ 39. Qf4 Qf6 40. a4 g5 41. Qb8+ Rd8 42. Qc7 g4 43. Rc6 Qh4 44. Rxh6+ Qxh6 45. Qxd8+ Kh7 46. Qd7+ Kg8 47. Qxf5 gxh3 48. Qxh3 1-0

[Event "45th FIDE Womens Olympiad 2024"]
[Site "Budapest"]
[Date "2024.09.19"]
[Round "8.181"]
[White "Chuemsakul, Sarocha"]
[Black "Castillo Pena, Patricia Evarista"]
[Result "1-0"]
[ECO "E09"]
[WhiteElo "1906"]
[BlackElo "1928"]
[PlyCount "111"]
[EventDate "2024.09.05"]
[EventType "team-tourn"]
[EventCountry "HUN"]
[WhiteTeam "Thailand"]
[BlackTeam "Dominican Republic"]
[WhiteTeamCountry "THA"]
[BlackTeamCountry "DOM"]
[TimeControl "40/5400+30:1800+30"]

1. d4 d5 2. c4 c6 3. Nf3 Nf6 4. g3 e6 5. Bg2 Nbd7 6. O-O Be7 7. Qc2 O-O 8. Nbd2 b6 9. e4 dxe4 10. Nxe4 Bb7 11. Rd1 Qc8 12. Nxf6+ Nxf6 13. c5 bxc5 14. dxc5 Nd5 15. Bg5 Qd8 16. Bxe7 Qxe7 17. a3 a5 18. Re1 Rab8 19. Nd4 Qf6 20. Rad1 Rfd8 21. Qe4 Ba8 22. Rd2 Rd7 23. Red1 g6 24. Qc2 Qe7 25. Kh1 h5 26. Rc1 h4 27. Re1 Qf6 28. Qa4 e5 29. Nf3 h3 30. Nxe5 hxg2+ 31. Kxg2 Ne3+ 32. Rxe3 Rxd2 33. Ng4 Qd4 34. Qxa5 Rdxb2 35. h3 Kg7 36. Rf3 Rf8 37. Qa7 Qd5 38. Qe7 Qe6 39. Qg5 Rh8 40. h4 Rh5 41. Qf4 Rf5 42. Qd4+ f6 43. Qxb2 Rxf3 44. Kxf3 Qf5+ 45. Ke3 Qxg4 46. Qb8 Qe6+ 47. Kd2 Qd7+ 48. Kc3 Bb7 49. Qd6 Qxd6 50. cxd6 Kf7 51. Kd4 Ke6 52. Kc5 Kd7 53. a4 Ba6 54. a5 Bc8 55. g4 Ba6 56. h5 1-0

[Event "45th FIDE Womens Olympiad 2024"]
[Site "Budapest"]
[Date "2024.09.19"]
[Round "8.182"]
[White "Gonzalez Peguero, Mary Loly"]
[Black "Prommuang, Araya"]
[Result "1-0"]
[ECO "D35"]
[WhiteElo "1889"]
[BlackElo "1753"]
[PlyCount "81"]
[EventDate "2024.09.05"]
[EventType "team-tourn"]
[EventCountry "HUN"]
[WhiteTeam "Dominican Republic"]
[BlackTeam "Thailand"]
[WhiteTeamCountry "DOM"]
[BlackTeamCountry "THA"]
[TimeControl "40/5400+30:1800+30"]

1. c4 e6 2. Nf3 d5 3. cxd5 exd5 4. d4 c6 5. Nc3 Nf6 6. Bf4 Bd6 7. Bxd6 Qxd6 8. e3 Bf5 9. Bd3 Bxd3 10. Qxd3 Nbd7 11. O-O O-O 12. Rac1 Rfe8 13. Na4 Ne4 14. Qc2 Rac8 15. b4 Qb8 16. Nc5 Ndf6 17. Ne5 Nd6 18. a4 b6 19. Ncd3 Qb7 20. Nxc6 b5 21. axb5 Qxb5 22. Qc5 Qxd3 23. Qxd6 Ne4 24. Qd7 Nf6 25. Qxa7 Ra8 26. Qc7 Qa6 27. Ne5 Ra7 28. Qc6 Qa3 29. b5 Re6 30. Qc8+ Re8 31. Qc3 Ne4 32. Qc6 Nf6 33. b6 Rae7 34. Ra1 Qb4 35. Nd3 Qd2 36. Nc5 Qc2 37. Qa4 Qf5 38. b7 Nd7 39. Nxd7 Qxd7 40. Qxd7 Rxd7 41. Ra8 1-0

[Event "45th FIDE Womens Olympiad 2024"]
[Site "Budapest"]
[Date "2024.09.19"]
[Round "8.183"]
[White "Mekarapiruk, Nathasha"]
[Black "Almanzar Vasquez, Jeniffer Maria"]
[Result "1/2-1/2"]
[ECO "C10"]
[WhiteElo "1728"]
[BlackElo "1876"]
[PlyCount "111"]
[EventDate "2024.09.05"]
[EventType "team-tourn"]
[EventCountry "HUN"]
[WhiteTeam "Thailand"]
[BlackTeam "Dominican Republic"]
[WhiteTeamCountry "THA"]
[BlackTeamCountry "DOM"]
[TimeControl "40/5400+30:1800+30"]

1. e4 e6 2. d4 d5 3. Nd2 dxe4 4. Nxe4 Bd7 5. Nf3 Bc6 6. Bd3 Nd7 7. Qe2 Ngf6 8. O-O Bxe4 9. Bxe4 Nxe4 10. Qxe4 c6 11. Bf4 Nf6 12. Qe5 Be7 13. Rfe1 O-O 14. Rad1 Qb6 15. b3 Rfd8 16. c4 Bd6 17. Qg5 Bxf4 18. Qxf4 Qa5 19. Re2 c5 20. Red2 cxd4 21. Rxd4 h6 22. a4 Rxd4 23. Qxd4 Qb4 24. Rd3 Rc8 25. h3 a6 26. Kh2 Kf8 27. Ne5 Ke7 28. Ng4 Qc5 29. Nxf6 Qxd4 30. Rxd4 Kxf6 31. Rd7 b5 32. cxb5 axb5 33. axb5 Rb8 34. Rd1 Rxb5 35. Rb1 Ke5 36. b4 Kd5 37. Rb3 Kc4 38. Rf3 f6 39. Rf4+ Kc3 40. Rf3+ Kxb4 41. Re3 e5 42. Rd3 Rb7 43. Kg3 Kc4 44. Rd8 Rb3+ 45. Kg4 Rb2 46. Kg3 Rb3+ 47. Kg4 Rd3 48. Rg8 Rd7 49. g3 Kd3 50. Kf3 Kd2 51. Ra8 Rd3+ 52. Kg2 Ke2 53. Ra7 e4 54. Ra2+ Rd2 55. Ra4 f5 56. h4 1/2-1/2

[Event "45th FIDE Womens Olympiad 2024"]
[Site "Budapest"]
[Date "2024.09.19"]
[Round "8.184"]
[White "Ramirez Luzon, Franchesca"]
[Black "Tawankanjana, Sasinat"]
[Result "1/2-1/2"]
[ECO "D00"]
[WhiteElo "1820"]
[BlackElo "1612"]
[PlyCount "98"]
[EventDate "2024.09.05"]
[EventType "team-tourn"]
[EventCountry "HUN"]
[WhiteTeam "Dominican Republic"]
[BlackTeam "Thailand"]
[WhiteTeamCountry "DOM"]
[BlackTeamCountry "THA"]
[TimeControl "40/5400+30:1800+30"]

1. d4 d5 2. Bf4 Nf6 3. e3 c5 4. Nd2 Nc6 5. Ngf3 Bf5 6. c4 e6 7. Qb3 Qc8 8. Rc1 b6 9. cxd5 exd5 10. Bb5 a6 11. Bxc6+ Qxc6 12. dxc5 bxc5 13. Nd4 Qd7 14. Nxf5 Qxf5 15. Qb7 Qc8 16. Qxc8+ Rxc8 17. e4 Nxe4 18. Nxe4 dxe4 19. Rc4 Kd7 20. O-O Bd6 21. Rd1 Rc6 22. Rxe4 Rd8 23. Re2 Kc7 24. Red2 f6 25. Kf1 g5 26. Bxd6+ Rcxd6 27. Rxd6 Rxd6 28. Rxd6 Kxd6 29. Ke2 c4 30. Kd2 h5 31. Kc3 Kc5 32. f3 f5 33. a3 f4 34. h3 a5 35. Kc2 Kd4 36. b4 a4 37. Kd2 c3+ 38. Kc2 Kc4 39. Kc1 Kb5 40. Kc2 Kc4 41. Kc1 Kb5 42. Kd1 Kc4 43. Kc2 h4 44. Kc1 Kd4 45. Kd1 Kd5 46. b5 Kc5 47. b6 Kxb6 48. Kc2 Kb5 49. Kxc3 Kc5 1/2-1/2

[Event "45th FIDE Womens Olympiad 2024"]
[Site "Budapest"]
[Date "2024.09.19"]
[Round "8.185"]
[White "Hamadeh, Sally"]
[Black "Lindiawati, Evi"]
[Result "0-1"]
[ECO "B06"]
[WhiteElo "1557"]
[BlackElo "1940"]
[PlyCount "82"]
[EventDate "2024.09.05"]
[EventType "team-tourn"]
[EventCountry "HUN"]
[WhiteTeam "Lebanon"]
[BlackTeam "Indonesia"]
[WhiteTeamCountry "LBN"]
[BlackTeamCountry "INA"]
[TimeControl "40/5400+30:1800+30"]

1. e4 g6 2. d4 Bg7 3. c3 d6 4. Be3 Nf6 5. Bd3 e5 6. d5 c6 7. c4 Ng4 8. Qd2 Nxe3 9. Qxe3 f5 10. f3 cxd5 11. cxd5 fxe4 12. fxe4 Nd7 13. Nf3 Nc5 14. Bb5+ Bd7 15. Bxd7+ Qxd7 16. O-O O-O 17. Nc3 a5 18. a4 Rf4 19. Ng5 Raf8 20. Qe2 h6 21. Nf3 g5 22. g3 Qg4 23. Kg2 Nxe4 24. Nxe4 Rxe4 25. Qb5 Rb4 26. Qe2 e4 27. Nd4 Qxe2+ 28. Nxe2 Rxb2 29. Rae1 Bc3 30. Rxf8+ Kxf8 31. Rf1+ Ke7 32. Rf2 e3 33. Nxc3 Rxf2+ 34. Kg1 Rc2 35. Nb5 Rc5 36. Kf1 Rxd5 37. Ke2 Rxb5 38. axb5 a4 39. Kd3 a3 40. Kc3 a2 41. Kb2 e2 {0-} 0-1

[Event "45th FIDE Womens Olympiad 2024"]
[Site "Budapest"]
[Date "2024.09.19"]
[Round "8.186"]
[White "Nugroho, Angel Ruth"]
[Black "Fawaz, Nadia"]
[Result "1-0"]
[ECO "D02"]
[WhiteElo "1939"]
[BlackElo "1747"]
[PlyCount "119"]
[EventDate "2024.09.05"]
[EventType "team-tourn"]
[EventCountry "HUN"]
[WhiteTeam "Indonesia"]
[BlackTeam "Lebanon"]
[WhiteTeamCountry "INA"]
[BlackTeamCountry "LBN"]
[TimeControl "40/5400+30:1800+30"]

1. d4 Nf6 2. Bf4 d5 3. e3 c5 4. c3 Nc6 5. Nf3 Qb6 6. Qc2 cxd4 7. exd4 Bf5 8. Qb3 e6 9. Nbd2 Be7 10. Nh4 Qxb3 11. axb3 Bc2 12. Nhf3 h6 13. Bb5 O-O 14. h3 a6 15. Bxc6 bxc6 16. b4 Nd7 17. O-O f6 18. Rfc1 Bh7 19. Nb3 Be4 20. Na5 Bxf3 21. Nxc6 Bxg2 22. Kxg2 Kf7 23. Ra5 e5 24. dxe5 fxe5 25. Nxe5+ Ke6 26. Ng6 Rf6 27. Re1+ Kf7 28. Nxe7 Re8 29. Bg3 Rxe7 30. Rxe7+ Kxe7 31. Rxd5 Nb6 32. Rd3 Re6 33. b3 Nd7 34. Kf3 Nf6 35. c4 Rb6 36. Be5 Nd7 37. Bxg7 Rxb4 38. Re3+ Kf7 39. Bxh6 Nc5 40. Bf4 Nxb3 41. Rc3 Nd4+ 42. Ke4 Ne6 43. Be3 a5 44. Kd5 a4 45. Ra3 Nc7+ 46. Kc5 Na6+ 47. Kd4 Ke6 48. h4 Nc7 49. Kc3 Rb8 50. Rxa4 Ke5 51. h5 Ke4 52. h6 Rc8 53. Ra5 Ne6 54. Rh5 Rh8 55. c5 Rh7 56. Kc4 Nc7 57. Rh4+ Kf5 58. Rh1 Ne6 59. c6 Ke5 60. Rd1 1-0

[Event "45th FIDE Womens Olympiad 2024"]
[Site "Budapest"]
[Date "2024.09.19"]
[Round "8.187"]
[White "Attieh, Skye"]
[Black "Yuliana, Evi"]
[Result "0-1"]
[ECO "B01"]
[WhiteElo "1675"]
[BlackElo "1912"]
[PlyCount "94"]
[EventDate "2024.09.05"]
[EventType "team-tourn"]
[EventCountry "HUN"]
[WhiteTeam "Lebanon"]
[BlackTeam "Indonesia"]
[WhiteTeamCountry "LBN"]
[BlackTeamCountry "INA"]
[TimeControl "40/5400+30:1800+30"]

1. e4 d5 2. exd5 Qxd5 3. Nc3 Qd6 4. Bc4 c6 5. d4 Nf6 6. Nge2 Bf5 7. Bf4 Qb4 8. Bb3 e6 9. O-O Na6 10. a3 Qb6 11. Na4 Qa5 12. c4 Rd8 13. Bc2 Bxc2 14. Qxc2 Bd6 15. Bxd6 Rxd6 16. b4 Qd8 17. Rfc1 O-O 18. Nac3 Nc7 19. Rd1 b5 20. Ne4 Nxe4 21. Qxe4 f5 22. Qf3 bxc4 23. Rac1 e5 24. Rxc4 e4 25. Qc3 Nd5 26. Qc2 Qf6 27. Rc1 Ne7 28. a4 Qe6 29. Nf4 Qh6 30. Ne2 Re6 31. b5 cxb5 32. axb5 Kh8 33. Ra1 f4 34. d5 Nxd5 35. Rxe4 Qg6 36. Rc4 Qe8 37. Kf1 f3 38. Ng3 fxg2+ 39. Kxg2 Nf4+ 40. Rxf4 Rxf4 41. Qc5 Rf7 42. Rd1 h6 43. Qb4 Rb6 44. Qh4 Qa8+ 45. Ne4 g5 46. Qh3 Qxe4+ 47. Kg1 Qf5 {0-} 0-1

[Event "45th FIDE Womens Olympiad 2024"]
[Site "Budapest"]
[Date "2024.09.19"]
[Round "8.188"]
[White "Adeline, Clementia"]
[Black "Al Asmar, Remy"]
[Result "1/2-1/2"]
[ECO "D10"]
[WhiteElo "1550"]
[BlackElo "1661"]
[PlyCount "93"]
[EventDate "2024.09.05"]
[EventType "team-tourn"]
[EventCountry "HUN"]
[WhiteTeam "Indonesia"]
[BlackTeam "Lebanon"]
[WhiteTeamCountry "INA"]
[BlackTeamCountry "LBN"]
[TimeControl "40/5400+30:1800+30"]

1. d4 d5 2. c4 c6 3. cxd5 cxd5 4. Nc3 g6 5. Bf4 Bg7 6. e3 a6 7. Nf3 Nf6 8. h3 Nbd7 9. Rc1 O-O 10. Be2 b5 11. Ne5 Bb7 12. h4 Nxe5 13. Bxe5 Rc8 14. a3 Ne4 15. Bxg7 Kxg7 16. Nxe4 Rxc1 17. Qxc1 dxe4 18. O-O e5 19. dxe5 Qxh4 20. Qc7 Bc8 21. a4 Qg5 22. Rd1 Re8 23. axb5 axb5 24. Bxb5 Qxe5 25. Qxe5+ Rxe5 26. Bc6 Ba6 27. b4 Bb5 28. Bxb5 Rxb5 29. Rd4 f5 30. f3 exf3 31. gxf3 Rb8 32. Kf2 Ra8 33. Rd7+ Kh6 34. Rd2 Rb8 35. Rb2 Kg5 36. Kg3 Kf6 37. f4 Ke6 38. Kf3 Kd5 39. Rd2+ Kc4 40. Rd7 Rxb4 41. Rxh7 Rb6 42. Rd7 Re6 43. Rd4+ Kc5 44. Rd3 Kc4 45. Rd4+ Kc5 46. Rd3 Kc4 47. Rd4+ 1/2-1/2

[Event "45th FIDE Womens Olympiad 2024"]
[Site "Budapest"]
[Date "2024.09.19"]
[Round "8.189"]
[White "Kaslan, Catherine"]
[Black "Zhanybekova, Begimay"]
[Result "0-1"]
[ECO "B33"]
[WhiteElo "1902"]
[BlackElo "1784"]
[PlyCount "120"]
[EventDate "2024.09.05"]
[EventType "team-tourn"]
[EventCountry "HUN"]
[WhiteTeam "Suriname"]
[BlackTeam "Kyrgyzstan"]
[WhiteTeamCountry "SUR"]
[BlackTeamCountry "KGZ"]
[TimeControl "40/5400+30:1800+30"]

1. e4 c5 2. Nf3 Nc6 3. d4 cxd4 4. Nxd4 Qb6 5. Nb3 Nf6 6. Nc3 e6 7. Bd3 Be7 8. Be3 Qc7 9. Nb5 Qd8 10. c4 d6 11. Nc3 b6 12. O-O Bb7 13. f3 O-O 14. Rc1 Rc8 15. Be2 d5 16. exd5 exd5 17. Nxd5 Nxd5 18. cxd5 Nb4 19. Rxc8 Bxc8 20. Bc4 Bb7 21. Qe2 Bxd5 22. a3 Nc6 23. Qd3 Bxc4 24. Qxc4 Ne5 25. Qe4 Bf6 26. Qc2 Qd3 27. Qxd3 Nxd3 28. Bd4 Bxd4+ 29. Nxd4 Nxb2 30. Nc6 a6 31. Rb1 Na4 32. Rb4 b5 33. Rd4 Re8 34. Nb4 Nc5 35. Rd5 Rc8 36. Rd6 g6 37. Nxa6 Ne6 38. Rd5 Rc1+ 39. Kf2 Rc2+ 40. Kg3 Rxg2+ 41. Kxg2 Nf4+ 42. Kf2 Nxd5 43. Nb8 Nb6 44. Ke2 Nc4 45. Kd3 Nxa3 46. Nc6 Kg7 47. Kc3 Nc4 48. Nd4 Kf6 49. Nxb5 Ne5 50. Nd4 Kg5 51. Kd2 Kh4 52. Ke3 Kh3 53. Kf4 f6 54. Ne6 Kxh2 55. Nf8 h5 56. Ke4 g5 57. Nh7 Nd7 58. Kf5 Kg3 59. Nxg5 fxg5 60. Kxg5 h4 {0-} 0-1

[Event "45th FIDE Womens Olympiad 2024"]
[Site "Budapest"]
[Date "2024.09.19"]
[Round "8.190"]
[White "Lesbekova, Assel"]
[Black "Kaslan, Victoria"]
[Result "1-0"]
[ECO "A36"]
[WhiteElo "1903"]
[BlackElo "1726"]
[PlyCount "75"]
[EventDate "2024.09.05"]
[EventType "team-tourn"]
[EventCountry "HUN"]
[WhiteTeam "Kyrgyzstan"]
[BlackTeam "Suriname"]
[WhiteTeamCountry "KGZ"]
[BlackTeamCountry "SUR"]
[TimeControl "40/5400+30:1800+30"]

1. e4 c5 2. c4 d6 3. Nc3 Nf6 4. g3 Nc6 5. Bg2 g6 6. d3 Bg7 7. Nge2 O-O 8. O-O Ne8 9. Be3 f5 10. d4 cxd4 11. Nxd4 fxe4 12. Nxe4 Ne5 13. Rc1 Ng4 14. Ng5 Nxe3 15. fxe3 Rxf1+ 16. Qxf1 Nc7 17. Bd5+ e6 18. Ndxe6 Bxe6 19. Bxe6+ Nxe6 20. Qf7+ Kh8 21. Nxe6 Qg8 22. Qxb7 Rb8 23. Qxg7+ Qxg7 24. Nxg7 Kxg7 25. Rc2 Kf6 26. Kf2 Ke5 27. Rd2 Ke6 28. e4 Rb4 29. Rc2 a5 30. Ke3 Ke5 31. b3 a4 32. Rc3 h6 33. Rd3 g5 34. Rd5+ Ke6 35. Rb5 Rxb5 36. cxb5 axb3 37. axb3 d5 38. b6 1-0